[Event "Mitropa Cup Women 2019"]
[Site "Radenci"]
[Date "2019.05.31"]
[Round "5.10"]
[White "Santeramo, Alessia"]
[Black "Janzelj, Lara"]
[Result "1-0"]
[ECO "C95"]
[WhiteElo "2074"]
[BlackElo "2203"]
[Annotator "ChessBase"]
[PlyCount "145"]
[EventDate "2019.05.27"]
[EventType "team-tourn"]
[EventCountry "SLO"]
[SourceTitle "playchess.com"]
[Source "ChessBase"]
[SourceQuality "1"]
[WhiteTeam "Italy"]
[BlackTeam "Slovenia"]
[WhiteTeamCountry "ITA"]
[BlackTeamCountry "SLO"]
[TimeControl "40/5400+30:1800+30"]

1. e4 e5 2. Nf3 Nc6 3. Bb5 a6 4. Ba4 Nf6 5. O-O Be7 6. Re1 b5 7. Bb3 d6 8. c3 O-O 9. h3 Nb8 10. d4 Nbd7 11. Nbd2 Bb7 12. Bc2 Re8 13. Nf1 Bf8 14. Ng3 g6 15. Bg5 h6 16. Bd2 c5 17. d5 Bg7 18. a4 c4 19. Nh2 Nc5 20. Ng4 Kh7 21. Qf3 Nxg4 22. hxg4 Qd7 23. Qe2 Reb8 24. f3 Bc8 25. a5 Bf6 26. Kf2 Qa7 27. Be3 Bg5 28. Rh1 Kg7 29. Rh3 Bd7 30. Rah1 Rh8 31. Nf1 Rab8 32. g3 Bxe3+ 33. Nxe3 h5 34. Kg2 hxg4 35. fxg4 Rxh3 36. Rxh3 Qc7 37. Nf5+ gxf5 38. gxf5 Rg8 39. Qh5 Kf8 40. Qh6+ Ke8 41. Qh7 Rf8 42. Qg7 Bc8 43. g4 Qd8 44. Rh6 Kd7 45. Rf6 Qe7 46. g5 Ke8 47. Rh6 Kd8 48. Kf3 Nd7 49. Ke3 Kc7 50. Bd1 Qd8 51. f6 Rg8 52. Qxf7 Rxg5 53. Qe7 Rg8 54. Bh5 Rg3+ 55. Bf3 Rg8 56. f7 Rf8 57. Qxd6+ Kb7 58. Qxa6+ Kb8 59. Qxb5+ Ka8 60. Rc6 Nb8 61. Rb6 Bh3 62. d6 Be6 63. Qxe5 Rxf7 64. Qxe6 Qg5+ 65. Ke2 Qf4 66. Qd5+ Ka7 67. e5 Qh2+ 68. Bg2 Qh5+ 69. Ke1 Qh4+ 70. Kd1 Qh5+ 71. Kc1 Nc6 72. Rxc6 Qg5+ 73. Kb1 1-0

[Event "Mitropa Cup Women 2019"]
[Site "Radenci"]
[Date "2019.05.31"]
[Round "5.11"]
[White "Urh, Zala"]
[Black "Andolfatto, Maria"]
[Result "1/2-1/2"]
[ECO "C42"]
[WhiteElo "2099"]
[BlackElo "2041"]
[Annotator "NA"]
[PlyCount "87"]
[EventDate "2019.05.27"]
[EventType "team-tourn"]
[EventCountry "SLO"]
[SourceTitle "playchess.com"]
[Source "ChessBase"]
[SourceQuality "1"]
[WhiteTeam "Slovenia"]
[BlackTeam "Italy"]
[WhiteTeamCountry "SLO"]
[BlackTeamCountry "ITA"]
[TimeControl "40/5400+30:1800+30"]

1. e4 e5 2. Nf3 Nf6 3. Nxe5 d6 4. Nf3 Nxe4 5. Nc3 Nf6 6. d4 Be7 7. Bd3 O-O 8. h3 b6 9. O-O Bb7 10. Re1 Nbd7 11. Bf4 Re8 12. Nd2 a6 13. a4 Nf8 14. Nde4 $11 Ne6 15. Be3 c5 16. dxc5 d5 17. Nxf6+ Bxf6 18. c6 Bxc6 19. Bd2 Bg5 20. Ne2 d4 21. Ng3 Bxd2 22. Qxd2 Qh4 23. Be4 Rec8 24. Ra3 Rc7 25. Nf5 Qf6 26. Bxc6 Rxc6 27. Rf3 Qd8 28. Rd3 Qf6 29. Nxd4 Nxd4 30. Rxd4 Rxc2 31. Rde4 Rcc8 32. Re7 h6 33. b4 Rd8 34. Qe2 Rd4 35. Re4 Rad8 36. Rxd4 Qxd4 37. Rb1 Qd3 38. Qxd3 Rxd3 39. b5 a5 40. Rc1 Rd4 41. Rc8+ Kh7 42. Rc6 Rxa4 43. Rxb6 Rb4 44. Rb8 1/2-1/2

[Event "Mitropa Cup Women 2019"]
[Site "Radenci"]
[Date "2019.05.31"]
[Round "5.12"]
[White "Raccanello, Marianna"]
[Black "Kuhar, Larisa"]
[Result "1-0"]
[ECO "B99"]
[WhiteElo "2019"]
[BlackElo "1930"]
[Annotator "NA"]
[PlyCount "127"]
[EventDate "2019.05.27"]
[EventType "team-tourn"]
[EventCountry "SLO"]
[SourceTitle "playchess.com"]
[Source "ChessBase"]
[SourceQuality "1"]
[WhiteTeam "Italy"]
[BlackTeam "Slovenia"]
[WhiteTeamCountry "ITA"]
[BlackTeamCountry "SLO"]
[TimeControl "40/5400+30:1800+30"]

1. e4 c5 2. Nf3 d6 3. d4 cxd4 4. Nxd4 Nf6 5. Nc3 a6 6. Bg5 e6 7. f4 h6 8. Bh4 Nbd7 9. Qf3 Qc7 10. O-O-O Be7 $14 11. g4 g5 12. fxg5 Ne5 13. Qg3 Nfxg4 14. g6 fxg6 15. Bh3 h5 16. Bxg4 Nxg4 17. Bxe7 Qxe7 18. Nf3 O-O 19. h3 Rxf3 20. Qxf3 Ne5 21. Qg2 b5 22. Qd2 Nc4 23. Qh6 Ne5 24. Rhg1 b4 25. Ne2 Bb7 26. Ng3 Qh7 27. Qxh7+ Kxh7 28. Rxd6 Re8 29. Rgd1 h4 30. Nf1 Bxe4 31. Re1 Bg2 32. Rxe5 Bxf1 33. Rd4 Kg7 34. Rxh4 Kf6 35. Re3 Bb5 36. Rxb4 Bc6 37. Rf4+ Kg5 38. Rg4+ Kf5 39. Reg3 Rg8 40. Rg5+ Kf6 41. h4 Be4 42. h5 Rc8 43. c3 gxh5 44. Rxh5 Bf5 45. Re3 Kg6 46. Rh1 Rc4 47. b3 Rf4 48. Rd1 a5 49. a4 Rf2 50. Rd2 Rf1+ 51. Kb2 Kg5 52. Re5 Kf4 53. Rde2 Rb1+ 54. Ka2 Rc1 55. c4 Bd3 56. Re1 Rxe1 57. Rxe1 e5 58. Kb2 Bf5 59. Kc3 e4 60. Kd4 Kf3 61. c5 Be6 62. Re3+ Kf4 63. Rxe4+ Kf5 64. Rxe6 1-0

[Event "Mitropa Cup Women 2019"]
[Site "Radenci"]
[Date "2019.05.31"]
[Round "5.13"]
[White "Ragger, Anna-Christina"]
[Black "Georgescu, Lena"]
[Result "1/2-1/2"]
[ECO "C78"]
[WhiteElo "2272"]
[BlackElo "2191"]
[Annotator "ChessBase"]
[PlyCount "63"]
[EventDate "2019.05.27"]
[EventType "team-tourn"]
[EventCountry "SLO"]
[SourceTitle "playchess.com"]
[Source "ChessBase"]
[SourceQuality "1"]
[WhiteTeam "Austria"]
[BlackTeam "Switzerland"]
[WhiteTeamCountry "AUT"]
[BlackTeamCountry "SUI"]
[TimeControl "40/5400+30:1800+30"]

1. e4 e5 2. Nf3 Nc6 3. Bb5 a6 4. Ba4 Nf6 5. O-O b5 6. Bb3 Bc5 7. Re1 d6 8. c3 O-O 9. a4 Bg4 10. h3 Bh5 11. d3 h6 12. Nbd2 b4 13. a5 Qb8 14. g4 Qa7 15. gxh5 Bxf2+ 16. Kh2 Bxe1 17. Nxe1 Qc5 18. cxb4 Qf2+ 19. Ng2 Nd4 20. Qe1 Qxe1 21. Nxe1 Rfb8 22. Bd1 Rxb4 23. Ra3 Rab8 24. Nef3 Ne6 25. Nc4 Nxe4 26. b3 Nf6 27. Bd2 R4b7 28. b4 Nd5 29. Nh4 Nd4 30. Nf3 Ne6 31. Nh4 Nd4 32. Nf3 1/2-1/2

[Event "Mitropa Cup Women 2019"]
[Site "Radenci"]
[Date "2019.05.31"]
[Round "5.14"]
[White "De Seroux, Camille"]
[Black "Newrkla, Katharina"]
[Result "1/2-1/2"]
[ECO "B46"]
[WhiteElo "2143"]
[BlackElo "2190"]
[Annotator "ChessBase"]
[PlyCount "123"]
[EventDate "2019.05.27"]
[EventType "team-tourn"]
[EventCountry "SLO"]
[SourceTitle "playchess.com"]
[Source "ChessBase"]
[SourceQuality "1"]
[WhiteTeam "Switzerland"]
[BlackTeam "Austria"]
[WhiteTeamCountry "SUI"]
[BlackTeamCountry "AUT"]
[TimeControl "40/5400+30:1800+30"]

1. e4 c5 2. Nf3 e6 3. d4 cxd4 4. Nxd4 Nc6 5. Nc3 a6 6. Nxc6 bxc6 7. Bd3 d5 8. O-O Nf6 9. Qe2 Be7 10. e5 Nd7 11. Na4 c5 12. c4 d4 13. b3 Bb7 14. Bd2 Qc7 15. f4 g6 16. Rae1 Qc6 17. Nb2 a5 18. Qg4 Nb6 19. Be4 Qd7 20. Bxb7 Qxb7 21. a4 Nd7 22. Rf3 Ra6 23. Nd1 f5 24. exf6 Nxf6 25. Qh3 Ne4 26. Bxa5 Rxa5 27. Qxe6 Nc3 28. Nxc3 dxc3 29. Rfe3 Ra7 30. Qf6 Rf8 31. Rxe7+ Qxe7 32. Qxc3 Rxf4 33. Rxe7+ Rxe7 34. h3 Rd4 35. Qf3 Rd6 36. Qa8+ Kf7 37. Qh8 h5 38. Qc8 Rb6 39. Qxc5 Rxb3 40. a5 Rb1+ 41. Kh2 Rbb7 42. a6 Ra7 43. Qb6 Kg7 44. Kg3 Rf7 45. c5 Kh7 46. c6 Kg7 47. Qb7 Kh7 48. Kh4 Kh6 49. g4 g5+ 50. Kg3 h4+ 51. Kg2 Kg6 52. Qb6 Kh7 53. Qd8 Rae7 54. Qd3+ Kg7 55. Qb5 Kg6 56. Qb1+ Kg7 57. Qb2+ Kh7 58. Qd2 Kg6 59. Kg1 Kh6 60. Qc3 Kh7 61. Qa5 Kg6 62. Qc3 1/2-1/2

[Event "Mitropa Cup Women 2019"]
[Site "Radenci"]
[Date "2019.05.31"]
[Round "5.15"]
[White "Hapala, Elisabeth"]
[Black "Hund, Sarah"]
[Result "1-0"]
[ECO "C65"]
[WhiteElo "2122"]
[BlackElo "2016"]
[Annotator "ChessBase"]
[PlyCount "123"]
[EventDate "2019.05.27"]
[EventType "team-tourn"]
[EventCountry "SLO"]
[SourceTitle "playchess.com"]
[Source "ChessBase"]
[SourceQuality "1"]
[WhiteTeam "Austria"]
[BlackTeam "Switzerland"]
[WhiteTeamCountry "AUT"]
[BlackTeamCountry "SUI"]
[TimeControl "40/5400+30:1800+30"]

1. e4 e5 2. Nf3 Nc6 3. Bb5 Bc5 4. c3 Nf6 5. O-O O-O 6. d4 Bb6 7. Bg5 d6 8. Qd3 h6 9. Bh4 g5 10. Bg3 Nh5 11. Nbd2 exd4 12. cxd4 Nxg3 13. fxg3 Ne5 14. Qc3 c6 15. Ba4 Nxf3+ 16. Nxf3 Qe7 17. Rae1 Bg4 18. Kh1 Rae8 19. Bc2 Bh5 20. e5 Bg6 21. Bxg6 fxg6 22. Qd3 Kg7 23. h3 Bc7 24. exd6 Qxd6 25. Ne5 Rxf1+ 26. Qxf1 Qf8 27. Qd3 Bxe5 28. dxe5 Qf5 29. Qd6 Re6 30. Qb8 Re7 31. Qxa7 Qd3 32. Qc5 Re6 33. Qb4 Qd7 34. a4 Qe7 35. Qd4 Kh7 36. b4 h5 37. Kg1 Kh6 38. Kh2 Qe8 39. Re4 Qe7 40. Re3 Qe8 41. Re4 Kh7 42. Qa7 Qd7 43. Qb8 Re8 44. e6 Qe7 45. Qe5 Kh6 46. Qd4 Rd8 47. Qe3 Kg7 48. Rd4 h4 49. Qe5+ Kg8 50. Rxd8+ Qxd8 51. e7 Qe8 52. Qe6+ Kg7 53. gxh4 gxh4 54. Kh1 b6 55. Kg1 c5 56. bxc5 bxc5 57. a5 c4 58. a6 c3 59. Qe5+ Kf7 60. Qxc3 Qxe7 61. Qf3+ Ke8 62. Qa8+ 1-0

[Event "Mitropa Cup Women 2019"]
[Site "Radenci"]
[Date "2019.05.31"]
[Round "5.16"]
[White "Pellicoro, Nathalie"]
[Black "Schloffer, Jasmin-Denise"]
[Result "0-1"]
[ECO "C41"]
[WhiteElo "1893"]
[BlackElo "2133"]
[Annotator "ChessBase"]
[PlyCount "60"]
[EventDate "2019.05.27"]
[EventType "team-tourn"]
[EventCountry "SLO"]
[SourceTitle "playchess.com"]
[Source "ChessBase"]
[SourceQuality "1"]
[WhiteTeam "Switzerland"]
[BlackTeam "Austria"]
[WhiteTeamCountry "SUI"]
[BlackTeamCountry "AUT"]
[TimeControl "40/5400+30:1800+30"]

1. e4 e5 2. Nf3 d6 3. d4 exd4 4. Nxd4 Nf6 5. Nc3 Be7 6. Be3 O-O 7. Qd2 d5 8. exd5 Nxd5 9. Nxd5 Qxd5 10. Bd3 Re8 11. O-O c5 12. Nb5 Qc6 13. c4 Be6 14. Qc2 g6 15. Bf4 Na6 16. a3 f5 17. Be5 Bf8 18. Be2 Bf7 19. Bg3 Qe4 20. Qxe4 Rxe4 21. Nc3 Rd4 22. Rfd1 Re8 23. Kf1 f4 24. Bxf4 Rxf4 25. b3 Bg7 26. Rac1 Bd4 27. f3 Nc7 28. g3 Rf6 29. b4 b6 30. Re1 Re3 0-1

[Event "Mitropa Cup Women 2019"]
[Site "Radenci"]
[Date "2019.06.01"]
[Round "6.1"]
[White "Gueci, Tea"]
[Black "Ragger, Anna-Christina"]
[Result "0-1"]
[ECO "B12"]
[WhiteElo "2251"]
[BlackElo "2272"]
[Annotator "ChessBase"]
[PlyCount "74"]
[EventDate "2019.05.27"]
[EventType "team-tourn"]
[EventCountry "SLO"]
[SourceTitle "playchess.com"]
[Source "ChessBase"]
[SourceQuality "1"]
[WhiteTeam "Italy"]
[BlackTeam "Austria"]
[WhiteTeamCountry "ITA"]
[BlackTeamCountry "AUT"]
[TimeControl "40/5400+30:1800+30"]

1. e4 c6 2. d4 d5 3. e5 Bf5 4. Nd2 e6 5. Nb3 c5 6. dxc5 Bxc5 7. Nxc5 Qa5+ 8. c3 Qxc5 9. Nf3 Qc7 10. Bb5+ Nc6 11. O-O Bg4 12. Re1 Nge7 13. h3 Bh5 14. Bf4 h6 15. Bh2 g5 16. Be2 O-O-O 17. Nd4 Bxe2 18. Rxe2 Nxd4 19. cxd4 Kb8 20. f4 Qb6 21. fxg5 hxg5 22. Bg3 Rdg8 23. Rc2 g4 24. hxg4 Rh7 25. Rac1 Nc6 26. Rc5 Rgh8 27. Qd2 Nxd4 28. Kf2 Nc6 29. a3 a5 30. Kf3 Rh1 31. R1c2 Rf1+ 32. Ke2 Qa6+ 33. Ke3 Rhh1 34. Bf2 Rd1 35. Qe2 d4+ 36. Kf3 d3 37. Rxc6 bxc6 0-1

[Event "Mitropa Cup Women 2019"]
[Site "Radenci"]
[Date "2019.06.01"]
[Round "6.2"]
[White "Hapala, Elisabeth"]
[Black "Santeramo, Alessia"]
[Result "0-1"]
[ECO "C88"]
[WhiteElo "2122"]
[BlackElo "2074"]
[Annotator "ChessBase"]
[PlyCount "94"]
[EventDate "2019.05.27"]
[EventType "team-tourn"]
[EventCountry "SLO"]
[SourceTitle "playchess.com"]
[Source "ChessBase"]
[SourceQuality "1"]
[WhiteTeam "Austria"]
[BlackTeam "Italy"]
[WhiteTeamCountry "AUT"]
[BlackTeamCountry "ITA"]
[TimeControl "40/5400+30:1800+30"]

1. e4 e5 2. Nf3 Nc6 3. Bb5 a6 4. Ba4 Nf6 5. O-O Be7 6. Re1 b5 7. Bb3 O-O 8. h3 Bb7 9. d3 d5 10. exd5 Nxd5 11. Nbd2 Qd7 12. Nf1 Bf6 13. Ng3 Rfe8 14. Bd2 Nf4 15. Ne4 Qf5 16. Bxf4 exf4 17. c3 Ne5 18. Nxf6+ Qxf6 19. Nxe5 Rxe5 20. Rxe5 Qxe5 21. d4 Qe4 22. f3 Qe3+ 23. Kf1 Re8 24. Bc2 Bd5 25. Bd3 c5 26. Qe2 c4 27. Qxe3 fxe3 28. Bc2 a5 29. a3 g5 30. Ke2 h5 31. g3 Be6 32. Rh1 Kg7 33. Kxe3 Bxh3+ 34. Kf2 g4 35. f4 h4 36. gxh4 Kh6 37. Re1 g3+ 38. Kxg3 Rxe1 39. Kxh3 Re2 40. Bf5 Rxb2 41. d5 Rb3 42. d6 Rxc3+ 43. Kg4 Rc1 44. Kf3 Rd1 45. d7 b4 46. axb4 axb4 47. Ke2 Rd6 0-1

[Event "Mitropa Cup Women 2019"]
[Site "Radenci"]
[Date "2019.06.01"]
[Round "6.3"]
[White "Palma, Maria"]
[Black "Schloffer, Jasmin-Denise"]
[Result "1-0"]
[ECO "E15"]
[WhiteElo "2018"]
[BlackElo "2133"]
[Annotator "ChessBase"]
[PlyCount "125"]
[EventDate "2019.05.27"]
[EventType "team-tourn"]
[EventCountry "SLO"]
[SourceTitle "playchess.com"]
[Source "ChessBase"]
[SourceQuality "1"]
[WhiteTeam "Italy"]
[BlackTeam "Austria"]
[WhiteTeamCountry "ITA"]
[BlackTeamCountry "AUT"]
[TimeControl "40/5400+30:1800+30"]

1. d4 Nf6 2. c4 e6 3. Nf3 b6 4. g3 Ba6 5. Qa4 Bb7 6. Bg2 c5 7. dxc5 bxc5 8. O-O Be7 9. Rd1 O-O 10. Nc3 d6 11. Bf4 Qb6 12. Rab1 Rd8 13. b4 Bc6 14. b5 Bb7 15. Qc2 Nbd7 16. a4 Qc7 17. a5 Qxa5 18. Bxd6 Bxd6 19. Rxd6 Nb6 20. Rxd8+ Rxd8 21. Ne5 Bxg2 22. Kxg2 Rd6 23. Rb2 Nc8 24. Nc6 Qc7 25. Ra2 h6 26. Qc1 Rd7 27. Qe3 Qd6 28. Na4 Ne7 29. Nxc5 Rc7 30. Na6 Rxc6 31. bxc6 Qxc6+ 32. f3 Qxc4 33. Qa3 Ned5 34. Rd2 Nc3 35. Qb4 Qxa6 36. Qxc3 Nd5 37. Qd4 Qa3 38. e4 Nf6 39. Qf2 a5 40. Ra2 Qb4 41. Qd2 Qxd2+ 42. Rxd2 g5 43. Ra2 Kg7 44. Rxa5 Kg6 45. Ra4 Kg7 46. Kf2 Kg6 47. Ke3 Nd7 48. f4 gxf4+ 49. gxf4 Nf6 50. Ra2 h5 51. Rg2+ Kh6 52. Kd4 Nd7 53. h3 Kh7 54. f5 Kh6 55. fxe6 fxe6 56. e5 Nb6 57. Kc5 Nd5 58. Kd6 Ne3 59. Rg1 Nd5 60. Kxe6 Nf4+ 61. Kf5 Nxh3 62. Rg2 h4 63. e6 1-0

[Event "Mitropa Cup Women 2019"]
[Site "Radenci"]
[Date "2019.06.01"]
[Round "6.4"]
[White "Froewis, Annika"]
[Black "Andolfatto, Maria"]
[Result "1-0"]
[ECO "C47"]
[WhiteElo "2089"]
[BlackElo "2041"]
[Annotator "NA"]
[PlyCount "107"]
[EventDate "2019.05.27"]
[EventType "team-tourn"]
[EventCountry "SLO"]
[SourceTitle "playchess.com"]
[Source "ChessBase"]
[SourceQuality "1"]
[WhiteTeam "Austria"]
[BlackTeam "Italy"]
[WhiteTeamCountry "AUT"]
[BlackTeamCountry "ITA"]
[TimeControl "40/5400+30:1800+30"]

1. e4 e5 2. Nf3 Nf6 3. Nc3 Nc6 4. d4 exd4 5. Nxd4 Bb4 6. Nxc6 bxc6 7. Bd3 O-O 8. O-O d5 9. exd5 cxd5 10. h3 Re8 11. Qf3 c6 12. Bf4 Bd6 13. Ne2 Be5 14. Bxe5 Rxe5 15. Qg3 Qe8 16. Nd4 Bd7 17. b3 Ne4 18. Bxe4 Rxe4 19. Nf3 Bf5 20. Qd6 Rd8 21. Qc7 Qd7 22. Qxd7 Rxd7 23. Rfe1 Rde7 24. Rxe4 Bxe4 25. Ne1 c5 26. Rd1 Kf8 27. Kf1 Rd7 28. Nd3 Rc7 29. Rd2 a5 30. f3 Bf5 31. Kf2 c4 32. bxc4 dxc4 33. Nf4 c3 34. Re2 Rd7 35. g4 Bg6 36. h4 f6 37. Ne6+ Kg8 38. Nc5 Rc7 39. Ne4 Bf7 40. a3 Bc4 41. Re3 Bb3 42. Nxc3 Bxc2 43. Nb5 Rd7 44. Rc3 Bd3 45. Rc8+ Kf7 46. Nc3 Ra7 47. Ke3 Bf1 48. a4 Kg6 49. Rc5 Ra6 50. Nd5 Ra7 51. Kf2 Ba6 52. Rxa5 Rd7 53. Nf4+ Kf7 54. Rxa6 1-0

[Event "Mitropa Cup Women 2019"]
[Site "Radenci"]
[Date "2019.06.01"]
[Round "6.5"]
[White "Havanecz, Bianka"]
[Black "Unuk, Laura"]
[Result "1/2-1/2"]
[ECO "E11"]
[WhiteElo "2279"]
[BlackElo "2265"]
[Annotator "ChessBase"]
[PlyCount "50"]
[EventDate "2019.05.27"]
[EventType "team-tourn"]
[EventCountry "SLO"]
[SourceTitle "playchess.com"]
[Source "ChessBase"]
[SourceQuality "1"]
[WhiteTeam "Hungary"]
[BlackTeam "Slovenia"]
[WhiteTeamCountry "HUN"]
[BlackTeamCountry "SLO"]
[TimeControl "40/5400+30:1800+30"]

1. d4 Nf6 2. c4 e6 3. g3 d5 4. Nf3 Bb4+ 5. Bd2 Be7 6. Bg2 c6 7. Qc2 Nbd7 8. O-O b6 9. Bf4 Ba6 10. Nbd2 O-O 11. Rfd1 c5 12. dxc5 bxc5 13. e4 d4 14. e5 Nh5 15. Ne4 h6 16. Bc1 f5 17. exf6 Nhxf6 18. Nxf6+ Bxf6 19. Bxh6 gxh6 20. Qg6+ Kh8 21. Qxh6+ Kg8 22. Qg6+ Kh8 23. Qh6+ Kg8 24. Qg6+ Kh8 25. Qh6+ Kg8 1/2-1/2

[Event "Mitropa Cup Women 2019"]
[Site "Radenci"]
[Date "2019.06.01"]
[Round "6.6"]
[White "Janzelj, Lara"]
[Black "Juhasz, Barbara"]
[Result "1-0"]
[ECO "B38"]
[WhiteElo "2203"]
[BlackElo "2207"]
[Annotator "ChessBase"]
[PlyCount "109"]
[EventDate "2019.05.27"]
[EventType "team-tourn"]
[EventCountry "SLO"]
[SourceTitle "playchess.com"]
[Source "ChessBase"]
[SourceQuality "1"]
[WhiteTeam "Slovenia"]
[BlackTeam "Hungary"]
[WhiteTeamCountry "SLO"]
[BlackTeamCountry "HUN"]
[TimeControl "40/5400+30:1800+30"]

1. d4 Nf6 2. c4 g6 3. Nc3 Bg7 4. e4 d6 5. h3 O-O 6. Be3 c5 7. Nf3 cxd4 8. Nxd4 Nc6 9. Be2 Bd7 10. O-O Nxd4 11. Bxd4 Bc6 12. Qd3 a5 13. Rfd1 Nd7 14. Be3 a4 15. b4 axb3 16. axb3 Rxa1 17. Rxa1 Nc5 18. Bxc5 dxc5 19. Rd1 Qxd3 20. Rxd3 Bd4 21. Nd5 Kg7 22. Bf3 e6 23. Nf4 Ra8 24. b4 Ra1+ 25. Kh2 Be5 26. b5 Bxb5 27. cxb5 Bxf4+ 28. g3 Be5 29. Rd7 c4 30. Bd1 g5 31. Kg2 b6 32. Kf3 Rb1 33. Ke3 Rxb5 34. f4 gxf4+ 35. gxf4 Bb2 36. Kd2 Rc5 37. Kc2 c3 38. Rb7 b5 39. Be2 Kg6 40. Bxb5 Rh5 41. Be8 Rxh3 42. Rxf7 Rh2+ 43. Kb3 h5 44. e5 h4 45. Rf6+ Kg7 46. Bd7 Rf2 47. Bxe6 Ba1 48. Rf7+ Kh6 49. Bf5 Rxf4 50. e6 c2 51. Kxc2 Rc4+ 52. Kb1 Bd4 53. e7 Rb4+ 54. Kc2 Rb8 55. Rf8 1-0

[Event "Mitropa Cup Women 2019"]
[Site "Radenci"]
[Date "2019.06.01"]
[Round "6.7"]
[White "Gaal, Zsoka"]
[Black "Urh, Zala"]
[Result "1/2-1/2"]
[ECO "A11"]
[WhiteElo "2044"]
[BlackElo "2099"]
[Annotator "NA"]
[PlyCount "253"]
[EventDate "2019.05.27"]
[EventType "team-tourn"]
[EventCountry "SLO"]
[SourceTitle "playchess.com"]
[Source "ChessBase"]
[SourceQuality "1"]
[WhiteTeam "Hungary"]
[BlackTeam "Slovenia"]
[WhiteTeamCountry "HUN"]
[BlackTeamCountry "SLO"]
[TimeControl "40/5400+30:1800+30"]

1. Nf3 d5 2. g3 c6 3. Bg2 Bg4 4. c4 e6 5. cxd5 Bxf3 6. Bxf3 cxd5 7. O-O Nf6 8. d4 Nc6 9. Nc3 Be7 {[%emt 0:00:30] A11: English Opening: 1...c6} 10. e3 O-O 11. Bd2 Rc8 (11... Qd7 12. Qe2 Rfc8 13. Rfd1 Bf8 14. Rac1 a6 15. Qd3 Ne7 16. b3 Nc6 17. Na4 {½-½ (46) Artemiev,V (2754)-Motylev,A (2650) Sochi 2019}) 12. Rc1 Nd7 13. Qe2 Nb6 14. Rfd1 a6 15. Be1 Bf6 {[%emt 0:06:37] [#]} 16. Nb1 $146 ({Predecessor:} 16. Bg2 Rc7 17. Qc2 {½-½ (48) Cordova,E (2651)-Sevian,S (2601) Medellin 2017}) 16... Qd7 17. Bc3 Rc7 18. Nd2 Na4 19. Nb3 Rfc8 20. Qe1 Na7 21. Be2 Be7 22. Nc5 Nxc5 23. dxc5 Bxc5 24. Qd2 Nb5 25. Be5 Bd6 26. Bxb5 axb5 27. Rxc7 Bxc7 28. Bc3 Qc6 29. Qe2 Bd6 30. Qg4 Bf8 31. a3 Ra8 32. h4 Ra4 33. Qf3 h6 34. h5 b4 35. axb4 Bxb4 36. b3 Bxc3 37. bxa4 Qxa4 38. Rc1 Qc4 39. Qf4 Qxf4 40. gxf4 d4 41. Rb1 d3 42. Rxb7 d2 43. Rd7 Kf8 44. Kf1 Ke8 45. Rd3 Bb4 46. Ke2 Ke7 47. Rb3 Ba5 48. Rb7+ Kf6 49. e4 g6 50. hxg6 Kxg6 51. Ra7 Bb4 52. Ra8 Kg7 53. Ra4 Bc3 54. Ra3 Bb4 55. Rg3+ Kf6 56. Rb3 Ba5 57. f3 Kg6 58. f5+ exf5 59. Rb5 Bc3 60. Rxf5 Bb4 61. Rb5 Bc3 62. f4 Kf6 63. Rc5 Bb4 64. Rc4 Ba5 65. Rc6+ Kg7 66. e5 Bb4 67. e6 fxe6 68. Rxe6 Ba5 69. f5 h5 70. Rg6+ Kf7 71. Rh6 Bb4 72. Rxh5 Kf6 73. Rh4 Bc3 74. Rc4 (74. Rh3 $16 Ba5 75. Rb3) 74... Be5 75. Kxd2 Kxf5 76. Ke3 Ke6 77. Ke4 Kd6 78. Rc2 Bg3 79. Rg2 Be1 80. Rg6+ Kc7 81. Kd5 Bf2 82. Rg7+ Kb6 83. Kd6 Be3 84. Rg4 Bc5+ 85. Kd7 Kb7 86. Rc4 Be3 87. Rb4+ Ka8 88. Kc7 Ba7 89. Rb7 Bf2 90. Rb8+ Ka7 {[%emt 0:00:01] [#]} 91. Rg8 $1 Bb6+ 92. Kc6 Be3 93. Rg7+ Ka8 94. Rg4 Bf2 95. Kc7 Be3 96. Ra4+ Ba7 97. Rg4 Be3 98. Kc6 Bf2 $1 99. Rg8+ Ka7 100. Kd5 Be3 101. Rg7+ Ka8 102. Rg3 Bf2 103. Ra3+ Kb7 104. Kc4 Bb6 105. Rb3 Ka7 106. Rb1 Be3 107. Rh1 Bf2 108. Rh7+ Ka8 109. Kb5 Bg3 110. Ka6 Bf4 111. Rf7 Be5 112. Rf1 Bc7 113. Rc1 Bf4 114. Rc5 Bg3 115. Rf5 Bc7 116. Rf7 Bb8 117. Kb6 Be5 118. Re7 Bg3 119. Re2 Bf4 $11 120. Re4 Bg3 121. Ra4+ Kb8 122. Ra2 Bc7+ 123. Kc6 Bf4 124. Rf2 Be5 125. Kd7 Bd4 126. Rf4 Be3 127. Rb4+ 1/2-1/2

[Event "Mitropa Cup Women 2019"]
[Site "Radenci"]
[Date "2019.06.01"]
[Round "6.8"]
[White "Hercog, Nusa"]
[Black "Kovacs, Judit"]
[Result "1-0"]
[ECO "D15"]
[WhiteElo "2062"]
[BlackElo "2025"]
[Annotator "NA"]
[PlyCount "89"]
[EventDate "2019.05.27"]
[EventType "team-tourn"]
[EventCountry "SLO"]
[SourceTitle "playchess.com"]
[Source "ChessBase"]
[SourceQuality "1"]
[WhiteTeam "Slovenia"]
[BlackTeam "Hungary"]
[WhiteTeamCountry "SLO"]
[BlackTeamCountry "HUN"]
[TimeControl "40/5400+30:1800+30"]

1. d4 d5 2. c4 c6 3. Nf3 Nf6 4. Nc3 a6 5. c5 Bf5 6. Qb3 Qc8 7. h3 e6 8. Bf4 Nbd7 9. g4 Be4 10. Nxe4 Nxe4 11. e3 f6 12. Rc1 e5 13. Bh2 Be7 14. Nh4 g6 15. f4 Qd8 16. a3 f5 17. g5 exd4 18. exd4 Bxg5 19. Nf3 Bh4+ 20. Ke2 O-O 21. Ne5 Bf6 22. Qe3 Bxe5 23. fxe5 b6 24. cxb6 Qxb6 25. Rc2 f4 26. Qd3 f3+ 27. Kd1 Rae8 28. Kc1 Qa5 29. b4 Qb6 30. h4 a5 31. Bh3 Nb8 32. bxa5 Qxa5 33. Rf1 Qa4 34. Bg1 Na6 35. Rb2 Rb8 36. Rxf3 Rxb2 37. Be6+ Kg7 38. Rxf8 Rb3 39. Rf7+ Kh6 40. Be3+ g5 41. Bxg5+ Kh5 42. Qe2+ Kg6 43. h5+ Kxg5 44. Qg4+ Kh6 45. Rxh7+ 1-0

[Event "Mitropa Cup Women 2019"]
[Site "Radenci"]
[Date "2019.06.01"]
[Round "6.9"]
[White "Motycakova, Monika"]
[Black "Navrotescu, Andreea-Cristiana"]
[Result "0-1"]
[ECO "B31"]
[WhiteElo "2150"]
[BlackElo "2233"]
[Annotator "ChessBase"]
[PlyCount "86"]
[EventDate "2019.05.27"]
[EventType "team-tourn"]
[EventCountry "SLO"]
[SourceTitle "playchess.com"]
[Source "ChessBase"]
[SourceQuality "1"]
[WhiteTeam "Slovakia"]
[BlackTeam "France"]
[WhiteTeamCountry "SVK"]
[BlackTeamCountry "FRA"]
[TimeControl "40/5400+30:1800+30"]

1. e4 c5 2. Nf3 Nc6 3. Bb5 g6 4. Bxc6 bxc6 5. O-O Bg7 6. Re1 Nh6 7. d3 O-O 8. c3 f5 9. e5 Rb8 10. Qa4 Nf7 11. Qxa7 Rb5 12. Qa4 e6 13. Na3 Ra5 14. Qc2 g5 15. Nc4 g4 16. Nfd2 Ra8 17. f4 gxf3 18. Nxf3 Ba6 19. Qf2 Nh8 20. Qxc5 f4 21. Re4 Ng6 22. Bd2 Rf5 23. Qd4 d5 24. Nb6 Rb8 25. Ree1 Rxb6 26. b4 Rb7 27. a4 Bf8 28. Rab1 c5 29. Qf2 Bxd3 30. Rb2 Be4 31. b5 Bxf3 32. Qxf3 Nxe5 33. Qh3 Qf6 34. Rf1 f3 35. a5 Rg7 36. g3 Nc4 37. Ra2 Nxd2 38. Rxd2 Qxc3 39. Ra2 Qb3 40. Raf2 c4 41. Kh1 Qxb5 42. Rxf3 Rxf3 43. Rxf3 Qb1+ 0-1